 Dungeon Crawl Stone Soup version 0.29.1-12-g30fa7ad0bf (webtiles) character file.

Game seed: 12733493849766113496

161 alphun the Chopper (level 5, -5/47 HPs)
             Began as a Minotaur Fighter on Dec 15, 2022.
             Was an Initiate of Okawaru.
             Constricted to death by Ijyb (6 damage)
             ... on level 3 of the Dungeon.
             The game lasted 00:03:46 (2500 turns).

alphun the Chopper (Minotaur Fighter)               Turns: 2500, Time: 00:03:47

Health: -5/47      AC:  7    Str: 20    XL:     5   Next: 19%
Magic:  4/4        EV:  6    Int:  7    God:    Okawaru [......]
Gold:   116        SH:  4    Dex: 10    Spells: 4/4 levels left

rFire   . . .      SeeInvis .   a - +0 war axe
rCold   . . .      Faith    .   c - +0 buckler
rNeg    . . .      Spirit   .   b - +0 scale mail
rPois   .          Reflect  .   (helmet restricted)
rElec   .          Harm     .   (no cloak)
rCorr   .          Rampage  .   (no gloves)
Will    .....                   (no boots)
Stlth   ..........              (no amulet)
HPRegen 0.15/turn               (no ring)
MPRegen 0.09/turn               (no ring)

@: grasped by roots, constricted
A: horns 2, retaliatory headbutt
a: Renounce Religion


You were on level 3 of the Dungeon.
You worshipped Okawaru.
Okawaru was noncommittal.
You visited 1 branch of the dungeon, and saw 3 of its levels.

You collected 116 gold pieces.

Inventory:

Hand Weapons
 a - a +0 war axe (weapon)
Armour
 b - a +0 scale mail (worn)
 c - a +0 buckler (worn)
Jewellery
 f - a ring of see invisible
 o - an amulet of the acrobat
 p - a ring of willpower
Scrolls
 e - 6 scrolls of amnesia {unknown}
 g - a scroll of teleportation {unknown}
 j - 4 scrolls of enchant armour {unknown}
 k - 2 scrolls of identify {unknown}
 l - 2 scrolls of fear {unknown}
 n - a scroll of blinking {unknown}
 q - a scroll of magic mapping {unknown}
Potions
 d - a potion of might
 i - a potion of degeneration {unknown}
 m - a potion of heal wounds {unknown}


   Skills:
 + Level 4.5 Fighting
 * Level 4.5 Axes
 + Level 4.5 Armour
 + Level 4.5 Shields


You had 4 spell levels left.
You didn't know any spells.
Your spell library was empty.

Dungeon Overview and Level Annotations

Branches:
Dungeon (3/15)

Altars:
Okawaru
The Shining One

Shops:
D:3 [

Annotations:
D:3 Ijyb


Innate Abilities, Weirdness & Mutations

You have a pair of horns on your head.
You reflexively headbutt those who attack you in melee.


Message History

You barely miss Ijyb. You headbutt Ijyb, but do no damage.
Ijyb hits you with a +0 dagger. The grasping roots constrict you.
Ijyb screams, "It's all mine!"
Ijyb hits you but does no damage. The grasping roots constrict you.
You hit Ijyb but do no damage. Ijyb hits you but does no damage.
The grasping roots constrict you!
The grasping roots release their grip on you.
You barely miss Ijyb.
Ijyb zaps a wand.
The roots erupt in riotous growth!
The grasping roots grab you!
Ijyb is unaffected.
The grasping roots constrict you.
You barely miss Ijyb. You headbutt Ijyb.
Ijyb is lightly wounded.
Ijyb hits you with a +0 dagger. The grasping roots constrict you.
You slash Ijyb! You headbutt Ijyb, but do no damage.
Ijyb is heavily wounded.
You block Ijyb's attack. The grasping roots constrict you.
Ijyb hits you but does no damage. The grasping roots constrict you.
* * * LOW HITPOINT WARNING * * *
You slash Ijyb! Your headbutt misses Ijyb.
Ijyb is severely wounded.
Ijyb hits you but does no damage. The grasping roots constrict you!
* * * LOW HITPOINT WARNING * * *
The grasping roots release their grip on you.
You closely miss Ijyb.
Ijyb is severely wounded.
Ijyb hits you but does no damage.
You hit Ijyb.
Ijyb is almost dead.
Ijyb zaps a wand.
The roots erupt in riotous growth!
The grasping roots grab you!
Ijyb is unaffected.
The grasping roots constrict you. Ijyb barely misses you.
The grasping roots constrict you.
* * * LOW HITPOINT WARNING * * *
You closely miss Ijyb.
Ijyb is almost dead.
You block Ijyb's attack. The grasping roots constrict you.
You barely miss Ijyb.
Ijyb is almost dead.
Ijyb hits you but does no damage. The grasping roots constrict you.
You die...

#.###.... ... #...#.... ...
.......#...... #.####..######)...
#...... #.... ##.... #.8.. #...#
##.... #...# .....# #.@.# .###[.
#g..# ##### ##### #...# #......#
# #######...#####.# #..####
######.##...............###..#...
.#.................#..........#.
....#.#.#...............####.#.†.
. .[....#.###.......###.####.....
.......# #.#...#.# #......####


You could see Ijyb.

Vanquished Creatures
  Terence (D:3)
  Robin (D:3)
  4 gnolls (D:2)
  An adder (D:2)
  A worm (D:2)
  5 dart slugs
  2 bats
  An endoplasm (D:3)
  3 giant cockroaches
  13 goblins
  8 hobgoblins
  3 jackals (D:1)
  2 quokkas
  8 ball pythons
  5 kobolds
  2 rats
60 creatures vanquished.

Notes
Turn   | Place    | Note
-------+----------+-------------------------------------------
     0 | D:1      | alphun the Minotaur Fighter began the quest for the Orb.
     0 | D:1      | Reached XP level 1. HP: 19/19 MP: 0/0
   144 | D:1      | Found a faded altar of an unknown god.
   162 | D:1      | Reached XP level 2. HP: 27/27 MP: 1/1
  1074 | D:2      | Reached XP level 3. HP: 33/33 MP: 2/2
  1083 | D:2      | Reached XP level 4. HP: 19/40 MP: 3/3
  2016 | D:3      | Found Leig's Antique Armour Boutique.
  2082 | D:3      | Found an iron altar of Okawaru.
  2153 | D:3      | Became a worshipper of Warmaster Okawaru
  2199 | D:3      | Found a glowing golden altar of the Shining One.
  2199 | D:3      | Noticed Ijyb
  2208 | D:3      | Noticed Terence
  2210 | D:3      | Noticed Robin
  2221 | D:3      | Killed Robin
  2227 | D:3      | Killed Terence
  2228 | D:3      | Reached XP level 5. HP: 8/47 MP: 4/4
  2498 | D:3      | HP: 1/47 [constriction (4)]
  2500 | D:3      | Constricted to death by Ijyb

Illustrated notes

Levels and vault maps discovered:
D:1:      dpeg_arrival_windows_large_door, layout_basic,
          nicolae_ecumenical_snake_handling, chequers_serial_rivers_micro_e,
          corexii_item_surrounded_by_moat, bh_walls_and_bars
D:2:      layout_loops_ring
D:3:      layout_loops_cross, okawaru_metal_pillars_1_2, tso_metal_star,
          serial_shops, nicolae_shop_behind_doors, shop, shop, minivault_24,
          st_stairs_1, uniq_sigmund, uniq_ijyb, uniq_robin, uniq_terence

Skill      XL: |  1  2  3  4 |
---------------+-------------+-----
Axes           | 3 4 |  4.5
Fighting       | 4 |  4.5
Armour         | 4 |  4.5
Shields        | 4 |  4.5

Action                   |  1- 3 |  4- 6 || total
-------------------------+-------+-------++-------
Melee: War axe           |    58 |    86 ||   144
       Headbutt          |    10 |    10 ||    20
  Use: Potion            |       |     1 ||     1
Armor: Scale mail        |    16 |    57 ||    73
Dodge: Dodged            |    28 |    36 ||    64
Block: Buckler           |    17 |    23 ||    40
